 Dungeon Crawl Stone Soup version 0.25-a0-1126-g5fd7b56c60 (webtiles) character file.

Game seed: 5055943585507643127, levelgen mode: deterministic

184 Gynju the Chiller (level 5, -1/35 HPs)
             Began as a Merfolk Ice Elementalist on May 19, 2020.
             Slain by a centaur skeleton (3 damage)
             ... on level 4 of the Dungeon.
             The game lasted 00:04:45 (4572 turns).

Gynju the Chiller (Merfolk Ice Elementalist)        Turns: 4572, Time: 00:04:45

Health: -1/35      AC:  2    Str:  8    XL:     5   Next: 63%
Magic:  3/10       EV: 13    Int: 16    God:
Gold:   230        SH:  0    Dex: 14    Spells: 7/11 levels left

rFire    . . .     SeeInvis .   d - +0 dagger
rCold    . . .     Gourm    .   (no shield)
rNeg     . . .     Faith    .   a - +0 robe
rPois    .         Spirit   .   (no helmet)
rElec    .         Reflect  .   (no cloak)
rCorr    .         Harm     .   (no gloves)
MR       .....                  (no boots)
Stlth    ++........             (no amulet)
HPRegen  0.11/turn              (no ring)
MPRegen  0.12/turn              (no ring)

@: no status effects
A: change form in water, swift swim, stealthy swim
a: no special abilities


You were on level 4 of the Dungeon.
You were hungry.

You visited 1 branch of the dungeon, and saw 4 of its levels.

You collected 230 gold pieces.

Inventory:

Hand Weapons
 d - a +0 dagger (weapon)
Missiles
 s - 32 poisoned darts (quivered)
Armour
 a - a +0 robe (worn)
Jewellery
 j - an uncursed ring of fire
Scrolls
 b - 5 scrolls of identify {unknown}
 e - a scroll of fear {unknown}
 f - a scroll of fog {unknown}
 o - 3 scrolls of immolation {unknown}
 p - 2 scrolls of remove curse {unknown}
 q - 2 scrolls of teleportation {unknown}
 r - 2 scrolls of enchant weapon {unknown}
Potions
 g - a potion of degeneration {unknown}
 h - 3 potions of curing {unknown}
 i - 2 potions of invisibility {unknown}
 k - a potion of resistance {unknown}
 l - 2 potions of ambrosia {unknown}
 m - 2 potions of lignification {unknown}
 n - 5 potions of heal wounds {unknown}
Comestibles
 c - 6 rations


   Skills:
 - Level 2.6 Dodging
 - Level 2.1 Stealth
 + Level 3.9 Spellcasting
 + Level 6.0 Ice Magic


You had 7 spell levels left.
You knew the following spells:

 Your Spells              Type           Power        Failure   Level  Hunger
a - Freeze                Ice            ###.         1%          1    None
b - Frozen Ramparts       Ice            ###...       4%          3    ###....

Your spell library contained the following spells:

 Spells                   Type           Power        Failure   Level  Hunger
 Ozocubu's Armour         Chrm/Ice       ##......     14%         3    ###....
 Hailstorm                Conj/Ice       ##......     43%         4    ####...
 Summon Ice Beast         Ice/Summ       ##......     43%         4    ####...


Dungeon Overview and Level Annotations

Branches:
Dungeon (4/15)
 Temple: D:4-7

Altars:
Ashenzari
Uskayaw


Message History

Casting: Freeze (safe; 1% risk of failure)
Confirm with . or Enter, or press ? or * to list all spells.
Aiming: Freeze (safe; 1% risk of failure)
Press: ? - help, Shift-Dir - straight line, f/p - centaur skeleton
Aim: a centaur skeleton (almost destroyed)
The centaur skeleton completely resists.
You freeze the centaur skeleton but do no damage.
The centaur skeleton hits you.
* * * LOW HITPOINT WARNING * * *
The centaur skeleton hits you.
* * * LOW HITPOINT WARNING * * *
Casting: Freeze (safe; 1% risk of failure)
Confirm with . or Enter, or press ? or * to list all spells.
Aiming: Freeze (safe; 1% risk of failure)
Press: ? - help, Shift-Dir - straight line, f/p - centaur skeleton
Aim: a centaur skeleton (almost destroyed)
The centaur skeleton resists.
You freeze the centaur skeleton.
The centaur skeleton is almost destroyed.
The centaur skeleton hits you.
You die...

#####
##...#
#.@#.###
#.Z#...#
#...##.#
#.....##.#
##.##.##.#
#. #.#...
## #.#...
#.#....
...#.


You could see a centaur skeleton.

Vanquished Creatures
  An orc priest (D:3)
  3 adders
  An ooze (D:3)
  2 worms (D:3)
  3 dart slugs
  8 leopard geckos
  5 orcs (D:3)
  8 giant cockroaches
  9 hobgoblins
  6 jackals
  4 kobolds (D:3)
  3 quokkas
  10 bats
  6 frilled lizards
  14 goblins
  9 rats
92 creatures vanquished.

Notes
Turn   | Place    | Note
-------+----------+-------------------------------------------
     0 | D:1      | Gynju the Merfolk Ice Elementalist began the quest for the
                  | Orb.
     0 | D:1      | Reached XP level 1. HP: 13/13 MP: 3/3
   126 | D:1      | Reached XP level 2. HP: 4/19 MP: 0/5
   776 | D:1      | Reached XP level 3. HP: 23/24 MP: 2/6
   863 | D:1      | Reached skill level 5 in Ice Magic
  1711 | D:2      | Reached XP level 4. HP: 30/30 MP: 6/8
  1755 | D:2      | Found a shattered altar of Ashenzari.
  2554 | D:2      | Learned a level 3 spell: Frozen Ramparts
  2601 | D:3      | Reached XP level 5. HP: 32/35 MP: 1/10
  3508 | D:3      | Found a hide-covered altar of Uskayaw.
  3608 | D:3      | Reached skill level 6 in Ice Magic
  4572 | D:4      | Slain by a centaur skeleton

Illustrated notes

Levels and vault maps discovered:
D:1:      matt_arrival_spirals, layout_basic, minmay_pentomino_s2
D:2:      layout_basic, ashenzari_altar_1, hangedman_decor_push
D:3:      layout_loops_ring, lemuel_crystal_altar, first_ration,
          minmay_joined_circles
D:4:      layout_basic, uniq_robin

Skill      XL: |  1  2  3  4  5 |
---------------+----------------+-----
Ice Magic      | 5 6 |  6.0
Spellcasting   | 3 |  3.9
Dodging        | |  2.6
Stealth        | |  2.1

Action                   |  1- 3 |  4- 6 || total
-------------------------+-------+-------++-------
Melee: Unarmed           |     2 |       ||     2
       Dagger            |    22 |    30 ||    52
 Cast: Freeze            |    52 |    90 ||   142
       Frozen Ramparts   |       |     2 ||     2
 Stab: Sleeping          |     2 |     2 ||     4
  Eat: Chunk             |     3 |     8 ||    11
Armor: Robe              |    14 |    15 ||    29
Dodge: Dodged            |    51 |    63 ||   114

Table legend:
 A = Non-vault XP
 B = Vault XP
 C = Vault XP percentage of total XP
 D = Non-vault monster count
 E = Vault monster count
 F = Vault count percentage of total count
                 A         B        C        D         E       F
            +---------+---------+-------+---------+---------+-------
      Total |     220 |      43 |  16.3 |      73 |      19 |  20.7
            +---------+---------+-------+---------+---------+-------
        D:1 |      39 |       6 |  13.3 |      22 |       2 |   8.3
        D:2 |      75 |       0 |   0.0 |      27 |       0 |   0.0
        D:3 |      92 |      37 |  28.7 |      23 |      17 |  42.5
        D:4 |      14 |       0 |   0.0 |       1 |       0 |   0.0
            +---------+---------+-------+---------+---------+-------
